Map: Oxide LE

Players

BboySmilez

  • Race: Protoss Protoss
  • League: Diamond
  • Spawn Location: 1:00

amgine - Winner!

  • Race: Zerg Zerg
  • League: Gold
  • Spawn Location: 7:00

VOD

Have the link to the VOD?

Description

Time

  • Played on: Sept. 30, 2020, 2:12 p.m.
  • Length: 9:56
Show
View Real Time Build Order
Export as new Build Order

BboySmilez Protoss 

Build Orders: 1 Gate Expand 

Get SALT Encoding   

  12  0:00  Probe (Chrono Boost)  
  13  0:16  Probe (Chrono Boost)  
  13  0:21  Probe (Chrono Boost)  
  14  0:28  Pylon  
  15  0:46  Probe  
  16  0:51  Gateway  
  16  0:58  Probe  
  17  1:10  Probe  
  18  1:22  Probe  
  19  1:31  Nexus  
  19  1:35  Probe  
  19  1:39  Zealot  
  22  1:47  Cybernetics Core  
  22  1:49  Probe  
  23  2:01  Assimilator  
  23  2:05  Assimilator  
  23  2:17  Gateway  
  23  2:25  Probe  
  23  2:33  Pylon  
  23  2:42  Zealot, Probe  
  26  2:47  Probe  
  27  2:54  Assimilator, Probe  
  27  2:56  Assimilator  
  28  2:59  Probe (Chrono Boost)  
  28  3:00  Stargate  
  31  3:05  Zealot  
  31  3:06  Probe (Chrono Boost)  
  31  3:12  Probe (Chrono Boost)  
  33  3:15  Warp Gate  
  33  3:18  Probe (Chrono Boost)  
  34  3:20  Zealot  
  34  3:21  Probe (Chrono Boost)  
  34  3:23  Probe (Chrono Boost)  
  38  3:30  Probe  
  38  3:34  Probe  
  40  3:35  Zealot  
  40  3:38  Void Ray  
  46  3:52  Pylon  
  46  3:55  Robotics Facility  
  46  3:59  Pylon  
  46  4:10  Probe  
  46  4:11  Probe  
  46  4:13  Pylon  
  46  4:16  Gateway  
  48  4:17  Void Ray  
  48  4:23  Probe  
  53  4:27  Probe  
  54  4:35  Probe  
  55  4:42  Zealot x2  
  55  4:43  Probe  
  60  4:50  Twilight Council  
  60  4:51  Probe  
  61  4:54  Pylon  
  61  5:01  Observer  
  61  5:05  Robotics Bay  
  61  5:06  Probe x2  
  64  5:14  Void Ray  
  69  5:21  Probe x2  
  69  5:23  Charge (Chrono Boost)  
  70  5:29  Zealot x2  
  70  5:31  Zealot  
  70  5:35  Probe  
  77  5:45  Probe  
  78  5:50  Pylon  
  78  5:54  Extended Thermal Lance  
  78  5:56  Pylon x2  
  78  6:08  Observer, Probe  
  80  6:13  Probe  
  81  6:25  Phoenix  
  83  6:28  Nexus  
  83  6:30  Pylon, Stargate  
  83  6:31  Colossus (Chrono Boost)  
  89  6:34  Probe  
  89  6:36  Probe  
  91  6:44  Pylon  
  91  6:48  Forge  
  91  6:52  Forge  
  91  6:53  Phoenix  
  93  6:55  Probe  
  93  6:57  Probe  
  95  7:14  Phoenix  
  97  7:21  Colossus (Chrono Boost)  
  70  7:40  Void Ray x2  
  61  7:50  Zealot  
  62  8:01  Immortal (Chrono Boost)  
  54  8:17  Void Ray  
  42  8:32  Probe x2  
  44  9:03  Probe x2  
  46  9:29  Probe  
Show
View Real Time Build Order
Export as new Build Order

amgine Zerg - Winner!

Build Orders: Hatch First 

Get SALT Encoding   

  12  0:01  Drone  
  13  0:12  Overlord  
  13  0:17  Drone  
  14  0:31  Drone x2  
  16  0:49  Hatchery  
  15  0:53  Drone  
  15  0:55  Drone  
  17  1:00  Drone  
  18  1:12  Extractor  
  18  1:17  Spawning Pool  
  16  1:22  Drone  
  18  1:25  Drone  
  18  1:29  Drone  
  19  1:42  Overlord  
  19  1:51  Drone  
  20  2:04  Zergling x4  
  20  2:05  Queen x2  
  26  2:12  Drone  
  26  2:13  Drone  
  28  2:18  Metabolic Boost  
  28  2:23  Drone  
  28  2:25  Drone  
  30  2:39  Drone  
  31  2:45  Hatchery  
  31  2:47  Overlord  
  30  2:52  Drone  
  30  2:53  Drone  
  30  2:54  Drone  
  33  2:59  Drone  
  33  3:03  Queen  
  36  3:07  Overlord  
  36  3:09  Drone  
  37  3:14  Drone x2  
  37  3:16  Drone  
  40  3:21  Overlord  
  40  3:22  Drone  
  40  3:23  Drone  
  40  3:25  Drone  
  40  3:26  Drone  
  44  3:30  Drone  
  45  3:36  Drone  
  46  3:43  Drone  
  46  3:47  Drone  
  48  3:51  Drone x3  
  48  3:52  Drone x4  
  48  3:53  Queen  
  57  4:01  Drone, Roach Warren  
  57  4:02  Extractor, Drone  
  57  4:06  Drone  
  57  4:07  Extractor  
  57  4:08  Extractor  
  56  4:11  Queen  
  56  4:15  Drone x2  
  60  4:18  Spore Crawler  
  60  4:21  Spore Crawler  
  60  4:22  Spore Crawler  
  55  4:24  Drone  
  55  4:25  Drone  
  55  4:26  Drone  
  55  4:27  Drone  
  59  4:33  Evolution Chamber  
  59  4:35  Evolution Chamber  
  59  4:38  Drone  
  58  4:39  Overlord  
  58  4:40  Overlord  
  58  4:43  Extractor  
  57  4:48  Drone  
  58  4:57  Overlord x2  
  58  4:59  Zerg Missile Weapons Level 1  
  58  5:00  Lair  
  58  5:01  Drone x2  
  58  5:02  Drone x4  
  58  5:04  Drone  
  58  5:05  Drone  
  66  5:07  Drone  
  66  5:08  Drone  
  66  5:10  Drone  
  69  5:14  Zerg Ground Armor Level 1  
  69  5:18  Roach  
  69  5:19  Roach  
  73  5:22  Overlord  
  73  5:27  Roach  
  73  5:28  Roach  
  77  5:31  Roach x2  
  77  5:32  Roach  
  77  5:34  Roach  
  85  5:36  Roach  
  85  5:38  Roach  
  85  5:40  Overlord  
  89  5:43  Roach  
  89  5:45  Roach  
  89  5:46  Roach  
  97  5:50  Roach  
  97  5:57  Overlord  
  97  5:58  Overlord  
  97  5:59  Roach x2  
  97  6:00  Roach x2  
  97  6:01  Glial Reconstitution  
  97  6:03  Overlord  
  105  6:11  Overlord  
  105  6:12  Overlord x2  
  105  6:16  Roach x3  
  111  6:19  Roach  
  111  6:20  Roach  
  111  6:22  Roach  
  117  6:26  Roach  
  117  6:27  Roach x2  
  117  6:29  Roach  
  117  6:31  Roach  
  117  6:32  Roach  
  129  6:34  Roach  
  129  6:36  Roach  
  129  6:38  Overlord  
  133  6:40  Roach  
  133  6:43  Ravager x3  
  133  6:44  Ravager x2  
  133  6:46  Roach  
  142  6:49  Roach x2  
  142  6:52  Roach  
  142  6:53  Roach  
  150  6:58  Roach x3  
  150  6:59  Roach  
  158  7:02  Roach x2  
  158  7:04  Overlord  
  162  7:10  Overlord x2  
  162  7:28  Roach x2  
  154  7:35  Roach  
  146  7:38  Roach  
  146  7:39  Roach  
  146  7:40  Roach  
  147  7:47  Roach  
  147  7:48  Roach  
  147  7:49  Roach  
  147  7:50  Roach x8, Queen  
  160  7:58  Roach  
  158  8:01  Roach  
  158  8:04  Roach x2  
  160  8:08  Hydralisk Den  
  157  8:13  Roach  
  157  8:14  Roach  
  157  8:15  Roach, Queen  
  157  8:22  Roach x2  
  157  8:23  Roach x2  
  155  8:27  Roach x3  
  155  8:28  Roach x4, Overlord  
  161  8:38  Grooved Spines, Hydralisk  
  163  8:41  Hydralisk  
  163  8:43  Roach  
  163  8:46  Hydralisk  
  165  8:50  Hydralisk  
  165  8:52  Hydralisk  
  165  8:53  Overlord  
  156  8:58  Roach  
  156  9:00  Hydralisk  
  156  9:04  Ravager, Drone  
  156  9:05  Drone x2  
  156  9:07  Extractor, Drone  
  156  9:08  Drone  
  156  9:09  Hatchery  
  160  9:10  Drone  
  160  9:13  Hydralisk  
  160  9:15  Hydralisk  
  165  9:17  Hydralisk  
  165  9:20  Hydralisk  
  165  9:23  Hydralisk  
  169  9:25  Hydralisk  
  169  9:32  Hydralisk  
Tags
 
Add a new tag
Caveats
  • Supply blocks, unpowered buildings, or Contaminate may cause inaccurate times.
  • Supply counts are checked every 10 seconds.